 Dungeon Crawl Stone Soup version 0.28-a0-691-gad6df49e81 (webtiles) character file.

Game seed: 1846942390638613446

2587 ytrimaz the Cleaver (level 9, -4/83 HPs)
             Began as a Minotaur Berserker on Oct 20, 2021.
             Was an Elder of Trog.
             Killed from afar by an acid dragon (27 damage)
             ... with a splash of acid
             ... on level 8 of the Dungeon.
             The game lasted 00:07:50 (8056 turns).

ytrimaz the Cleaver (Minotaur Berserker)            Turns: 8056, Time: 00:07:51

Health: -4/83      AC:  8    Str: 25    XL:     9   Next: 32%
Magic:  8/8        EV:  8    Int:  4    God:    Trog [****..]
Gold:   375        SH:  0    Dex: 10    Spells: 8/8 levels left

rFire   . . .      SeeInvis .   a - +1 hand axe
rCold   . . .      Faith    +   (no shield)
rNeg    . . .      Spirit   .   m - +1 chain mail
rPois   +          Reflect  .   (helmet restricted)
rElec   .          Harm     .   (no cloak)
rCorr   .          Rampage  .   (no gloves)
Will    .....                   r - +2 pair of boots
Stlth   ..........              n - amulet of faith
HPRegen 0.23/turn               i - ring of poison resistance
MPRegen 0.11/turn               (no ring)

@: corroded
A: horns 2, retaliatory headbutt
a: Renounce Religion, Berserk, Trog's Hand, Brothers in Arms


You were on level 8 of the Dungeon.
You worshipped Trog.
Trog was greatly pleased with you.
You visited 1 branch of the dungeon, and saw 8 of its levels.

You collected 375 gold pieces.

Inventory:

Hand Weapons
 a - a +1 hand axe (weapon)
 u - a +0 war axe
Armour
 m - a +1 chain mail (worn)
 r - a +2 pair of boots (worn)
 s - a +0 tower shield
Jewellery
 i - a ring of poison resistance (left hand)
 l - a ring of ice
 n - an amulet of faith (around neck)
Wands
 q - a wand of paralysis (8)
Scrolls
 d - 3 scrolls of teleportation
 g - a scroll of enchant weapon
 h - 4 scrolls of identify
 t - 2 scrolls of fog
 w - a scroll of summoning {unknown}
 x - a scroll of blinking {unknown}
 y - a scroll of fear
Potions
 b - a potion of flight {unknown}
 c - 3 potions of resistance {unknown}
 e - 2 potions of heal wounds
 f - 2 potions of might
 j - 3 potions of mutation
 k - 5 potions of curing {unknown}
 o - a potion of cancellation {unknown}
 p - a potion of ambrosia {unknown}
 v - a potion of invisibility {unknown}


   Skills:
 * Level 9.2 Fighting
 * Level 12.7 Axes
 - Level 2.4 Armour
 - Level 2.1 Dodging
 * Level 2.5 Shields


You had 8 spell levels left.
You didn't know any spells.
Your spell library was empty.

Dungeon Overview and Level Annotations

Branches:
Dungeon (8/15)             Temple (0/1) D:5
   Lair: D:8-11

Altars:
Ashenzari
Cheibriados
Kikubaaqudgha
Makhleb
Qazlal
Trog
Uskayaw
Vehumet
Wu Jian


Innate Abilities, Weirdness & Mutations

You have a pair of horns on your head.
You reflexively headbutt those who attack you in melee.


Message History

You closely miss the acid dragon. You headbutt the acid dragon!
The acid dragon is heavily wounded.
You closely miss the black bear.
The black bear bites you but does no damage.
The black bear claws you but does no damage.
The black bear barely misses you. The acid dragon bites you.
The acid dragon claws you.
You hit the acid dragon. Your headbutt misses the acid dragon.
The acid dragon is severely wounded.
You hit the black bear but do no damage.
The black bear bites you but does no damage.
The black bear barely misses you. x2
The acid dragon bites you but does no damage.
The acid dragon barely misses you.
You closely miss the acid dragon.
The acid dragon is severely wounded.
You barely miss the black bear. The black bear completely misses you.
The black bear claws you but does no damage.
The black bear closely misses you.
You barely miss the acid dragon.
The acid dragon is severely wounded.
You hit the black bear. The acid dragon bites you!
The acid dragon claws you but does no damage.
Unknown command.
You barely miss the acid dragon. You headbutt the acid dragon.
The acid dragon is severely wounded.
You barely miss the black bear. The black bear closely misses you.
The black bear completely misses you. The black bear closely misses you.
The acid dragon bites you but does no damage.
The acid dragon claws you but does no damage.
Unknown command.
You hit the acid dragon but do no damage.
The acid dragon is severely wounded.
You hit the black bear but do no damage.
The black bear bites you but does no damage.
The black bear claws you. x2
* * * LOW HITPOINT WARNING * * *
The acid dragon spits acid at you. The splash of acid hits you!!
You die...

#.##
.....####
........#
.....##Z#
...
#h#### .
#D@)<#
######


You could see a black bear, an acid dragon (catching breath) and a centaur
zombie.

Vanquished Creatures
  5 ogres
  2 black bears
  A necrophage (D:7)
  3 centaurs
  A phantom (D:5)
  A bullfrog (D:7)
  A gnoll sergeant (D:7)
  2 kobold brigands
  5 scorpions
  A wyvern zombie (D:7)
  A water moccasin skeleton (D:7)
  3 wights (D:8)
  A howler monkey (D:7)
  3 centaur zombies
  A bullfrog skeleton (D:6)
  3 hounds
  A jelly (D:5)
  A gnoll shaman (D:6)
  2 orc priests
  2 iguanas
  3 orc wizards
  A killer bee zombie (D:4)
  A hound zombie (D:3)
  A hound skeleton (D:4)
  13 gnolls
  4 adders
  2 ufetubi (D:5)
  An adder skeleton (D:4)
  An adder zombie (D:5)
  A worm (D:5)
  A dart slug (D:2)
  16 orcs
  7 ball pythons
  6 bats
  5 endoplasms
  4 giant cockroaches
  7 hobgoblins
  3 jackals (D:2)
  8 kobolds
  2 quokkas
  3 frilled lizards (D:2)
  7 rats
137 creatures vanquished.

Vanquished Creatures (others)
  16 fungi (D:7)
16 creatures vanquished.

Grand Total: 153 creatures vanquished

Notes
Turn   | Place    | Note
-------+----------+-------------------------------------------
     0 | D:1      | ytrimaz the Minotaur Berserker began the quest for the Orb.
     0 | D:1      | Reached XP level 1. HP: 19/19 MP: 0/0
   273 | D:1      | Reached skill level 4 in Axes
   466 | D:1      | Found a faded altar of an unknown god.
   539 | D:1      | Reached XP level 2. HP: 16/27 MP: 1/1
   744 | D:1      | You fall into a shaft and drop 1 floor!
   847 | D:2      | HP: 1/27 [poisoned by an adder]
  1586 | D:2      | Reached XP level 3. HP: 34/34 MP: 2/2
  1593 | D:2      | Noticed an ogre
  1604 | D:2      | Killed an ogre
  1605 | D:2      | Reached skill level 5 in Fighting
  1605 | D:2      | Reached skill level 5 in Axes
  1605 | D:2      | Reached XP level 4. HP: 42/42 MP: 3/3
  2114 | D:2      | Reached XP level 5. HP: 43/48 MP: 4/4
  2236 | D:2      | Reached ** piety under Trog
  2335 | D:3      | Found a stormy altar of Qazlal.
  2353 | D:3      | Found an ornate altar of the Wu Jian Council.
  2359 | D:3      | Reached skill level 6 in Axes
  2426 | D:3      | Found a radiant altar of Vehumet.
  2586 | D:3      | Noticed an ogre
  2591 | D:3      | Killed an ogre
  2636 | D:3      | Noticed a black bear
  2641 | D:3      | Killed a black bear
  2642 | D:3      | Reached skill level 7 in Axes
  2642 | D:3      | Reached XP level 6. HP: 57/57 MP: 5/5
  3435 | D:4      | Reached skill level 8 in Axes
  3481 | D:4      | Reached XP level 7. HP: 51/63 MP: 6/6
  3626 | D:4      | Reached *** piety under Trog
  4050 | D:5      | Entered Level 5 of the Dungeon
  4143 | D:5      | Found a hide-covered altar of Uskayaw.
  4320 | D:5      | Reached skill level 9 in Axes
  4411 | D:5      | Found a bloodstained altar of Trog.
  4551 | D:5      | Reached skill level 10 in Axes
  4551 | D:5      | Reached XP level 8. HP: 33/73 MP: 7/7
  5152 | D:5      | Found a staircase to the Ecumenical Temple.
  5900 | D:6      | Reached skill level 11 in Axes
  6820 | D:7      | Reached skill level 1 in Shields
  7042 | D:7      | Reached skill level 12 in Axes
  7207 | D:7      | Found an ancient bone altar of Kikubaaqudgha.
  7233 | D:7      | Reached XP level 9. HP: 78/82 MP: 8/8
  7300 | D:7      | Found a burning altar of Makhleb.
  7300 | D:7      | Found a broken altar of Ashenzari.
  7372 | D:7      | Reached **** piety under Trog
  7379 | D:7      | Found a snail-covered altar of Cheibriados.
  8056 | D:8      | Killed from afar by an acid dragon

Illustrated notes

Levels and vault maps discovered:
D:1:      tarquinn_simple_flora_water_d, layout_loops_corners,
          ebering_ecumenical_altar_abandoned
D:2:      layout_loops_corners
D:3:      layout_loops_ring, nicolae_vehumet_radiance, grunt_qazlal_sundering,
          mainiacjoe_overflow_24_doors, minmay_between
D:4:      layout_cave_pools
D:5:      layout_layer_cave, trog_three_pillars_becter,
          mainiacjoe_overflow_alcove_2, minmay_temple_entry_stoned_glass
D:6:      layout_loops_ring
D:7:      layout_cave_pods, mainiacjoe_overflow_cross_hatched,
          overflow_temple_1_default, jmf_multi_god_temple
D:8:      layout_basic

Skill      XL: |  1  2  3  4  5  6  7  8  9 |
---------------+----------------------------+-----
Axes           | 4 5 7 8 10 12 | 12.7
Fighting       | 4 5 6 7 8 9 |  9.2
Shields        | 1 2 |  2.5
Armour         | |  2.4
Dodging        | |  2.1

Action                   |  1- 3 |  4- 6 |  7- 9 || total
-------------------------+-------+-------+-------++-------
Melee: Hand axe          |    48 |    83 |   235 ||   366
       Headbutt          |     5 |    14 |    63 ||    82
Invok: Berserk           |     2 |     3 |     5 ||    10
       Trog's Hand       |       |       |     1 ||     1
  Use: Scroll            |       |    10 |     4 ||    14
Armor: Scale mail        |    22 |     4 |       ||    26
       Chain mail        |       |    48 |   129 ||   177
Dodge: Dodged            |    24 |    40 |   105 ||   169

Table legend: (Time is in decaauts)
 A = Elapsed time spent in this place.
 B = Non-inter-level travel time spent in this place.
 C = Inter-level travel time spent in this place.
 D = Time resting spent in this place.
 E = Time spent auto-exploring this place.
 F = Levels seen in this place.
 G = Mean time per level.
                   A        B        C        D        E       F      G
               +--------+--------+--------+--------+--------+-----+--------+
         Total |   8102 |   7941 |    161 |    917 |   5904 |   8 | 1012.8 |
       Dungeon |   8102 |   7941 |    161 |    917 |   5904 |   8 | 1012.8 |
               +--------+--------+--------+--------+--------+-----+--------+

Top non-repeatable levels by time:
     D:5: 1795 daAuts
     D:2: 1565 daAuts
     D:7: 1175 daAuts
     D:6: 988 daAuts
     D:4: 920 daAuts
     D:3: 866 daAuts
     D:1: 746 daAuts
     D:8: 45 daAuts
